 Dungeon Crawl Stone Soup version 0.28-a0-474-g535839065c (webtiles) character file.

Game seed: 14592123449836676869

0 spiderkeys the Skirmisher (level 1, -3/16 HPs)
             Began as an Octopode Abyssal Knight on Sept 15, 2021.
             Was a Follower of Lugonu.
             Slain by an ancient zyme (12 damage)
             ... on level 3 of the Abyss.
             The game lasted 00:00:46 (138 turns).

spiderkeys the Skirmisher (Octopode Abyssal Knight)  Turns: 138, Time: 00:00:47

Health: -3/16      AC:  1    Str: 11    XL:     1   Next: 0%
Magic:  2/2        EV: 13    Int: 14    God:    Lugonu [*.....]
Gold:   17         SH:  5    Dex: 11    Spells: 0/0 levels left

rFire   . . .      SeeInvis .   a - +1 spear
rCold   . . .      Faith    .   (no shield)
rNeg    . . .      Spirit   .   (helmet restricted)
rPois   .          Reflect  +   c - amulet of reflection
rElec   .          Harm     .   (no ring)
rCorr   .          Rampage  .   (no ring)
Will    .....                   (no ring)
Stlth   ++........              (no ring)
HPRegen 0.00/turn               (no ring)
MPRegen 0.08/turn               (no ring)
                                (no ring)
                                (no ring)

@: badly diseased
A: almost no armour, amphibious, 8 rings, camouflage 1, gelatinous body 1,
(nimble swimmer 1), tentacles
a: Renounce Religion, Depart the Abyss


You were on level 3 of the Abyss.
You worshipped Lugonu.
Lugonu was aware of your devotion.
You visited 0 branches of the dungeon, and saw 0 of its levels.
You visited the Abyss 1 time.

You collected 17 gold pieces.


Innate Abilities, Weirdness & Mutations

You cannot wear most types of armour.
You are amphibious.
You can wear up to eight rings at the same time.
Your skin changes colour to match your surroundings (Stealth+).
Your rubbery body absorbs attacks. (AC +1, EV +1)
((You are camouflaged near water. (Stealth+)))
You have tentacles for arms and can constrict up to eight enemies at once.


   Skills:
 + Level 3.0 Fighting
 + Level 2.0 Polearms
 + Level 2.3 Dodging
 + Level 2.0 Invocations


You couldn't memorise any spells.
You didn't know any spells.
Your spell library contained the following spells:

 Spells                   Type           Power      Damage    Failure   Level
 Dazzling Flash           Conj/Hex       0%         N/A       65%         3
 Agony                    Necr           0%         N/A       100%        5
 Silence                  Hex/Air        0%         N/A       100%        5

Inventory:

Hand Weapons
 a - a +1 spear (weapon)
Missiles
 b - 22 stones
Jewellery
 c - an amulet of reflection (around mantle)
   (You found it on level 2 of the Abyss)
Scrolls
 d - a scroll of summoning {unknown}

Dungeon Overview and Level Annotations

Branches:
Dungeon (0/15)

Altars:

..# .###.##.#
##.#.##.#.3...
#.#.#x3.x# .##
#....###.##..
#..#.#.. ... #
###.## #.. .#..
#.###...# #.#
### #..x.####
.# #...#$@...#
..
...#..#.#.....#
# #.##....#...
#. ..#.#.... .
..#..#.. # ...#
##.#. .#.$ .
.###.


You could see an ancient zyme.


Message History

🤖 Initializing magus.rc ...
Options error: Delay interrupt name "hungry" not recognised. (~/.crawlrc:4988) ✅ Successfully initialized magus.rc [v1.9.10] Welcome, spiderkeys the Octopode Abyssal Knight.
Will you prevail where others failed? Will you find the Orb of Zot?
Lugonu says: Depart the Abyss and spread corruption, my servant! (use the ability menu to exit the Abyss) Press ? for a list of commands and other information.
Found a corrupted altar of Lugonu.
There is a corrupted altar of Lugonu here.
Found a gateway leading out of the Abyss.
You pick up a book of the Senses and begin reading...
You add the spells Dazzling Flash, Agony and Silence to your library.
There is a gateway leading out of the Abyss here.
b - a scroll labelled OCLUGIPYSK
There is a gateway leading out of the Abyss here.
Blink to where?
Press: ? - help, Dir - move target
As you read the scroll labelled OCLUGIPYSK, it crumbles to dust.
It was a scroll of blinking.
Found 22 stones.
Found a gateway leading deeper into the Abyss.
Found a corrupted altar of Lugonu.
b - 22 stones A large abomination comes into view.
There is a gateway leading deeper into the Abyss here.
You plunge deeper into the Abyss.
Found three items.
Found a corrupted altar of Lugonu.
c - an amulet of reflection You aren't carrying any wearable armour.
You start putting on your amulet.
You continue putting on your amulet of reflection. x5
You finish putting on your amulet of reflection.
You feel a shielding aura gather around you.
c - an amulet of reflection (around mantle)
Found a gateway leading deeper into the Abyss.
d - a scroll labelled EQEULEUQER You now have 17 gold pieces.
The quasit gives a chilling moan.
There is a gateway leading deeper into the Abyss here.
You plunge deeper into the Abyss.
The abyssal rune of Zot can be found at this depth.
Found a shadowy altar of Dithmenos.
A smoke demon and a tentacled starspawn come into view.
The smoke demon roars!
Tentacles burst from the starspawn's body! 2 starspawn tentacles come into view.
A starspawn tentacle comes into view. x2
The smoke demon gestures at you. Something smites you!
Ouch! That really hurt!
* * * LOW HITPOINT WARNING * * *
You feel yourself growing ill in the presence of the ancient zyme. 😨 HP[-8]
You take 8 damage, and now have 8/16 hp.
MASSIVE DAMAGE!! (PAUSE) 😮 HP[+1]
You feel ill.
You feel ill.
You feel ill.
An ancient zyme comes into view.
You feel ill. The ancient zyme hits you!
Ouch! That really hurt!
You die...

Action                   || total
-------------------------++-------
  Use: Scroll            ||     1

Levels and vault maps discovered:
Abyss:3:  base: Temple, nicolae_abyss_rune_left_handed,
          hangedman_decor_peaks_small, hangedman_decor_peaks_small

Notes
Turn   | Place    | Note
-------+----------+-------------------------------------------
     0 | Abyss:1  | spiderkeys the Octopode Abyssal Knight began the quest for
                  | the Orb.
     0 | Abyss:1  | Reached XP level 1. HP: 16/16 MP: 2/2
     0 | Abyss:1  | magus.rc [v1.9.10]
    16 | Abyss:1  | You pick up a book of the Senses and begin reading...
    16 | Abyss:1  | You add the spells Dazzling Flash, Agony and Silence to
                  | your library.
    70 | Abyss:1  | Found a corrupted altar of Lugonu.
    75 | Abyss:1  | Noticed a large abomination
    77 | Abyss:2  | Found a corrupted altar of Lugonu.
    96 | Abyss:2  | Noticed a quasit
   108 | Abyss:3  | Found a shadowy altar of Dithmenos.
   109 | Abyss:3  | Noticed a tentacled starspawn
   109 | Abyss:3  | Noticed a smoke demon
   116 | Abyss:3  | Noticed an ancient zyme
   134 | Abyss:3  | Noticed an ancient zyme
   138 | Abyss:3  | Slain by an ancient zyme

Vanquished Creatures (others)
  4 starspawn tentacles (Abyss:3)
4 creatures vanquished.

Table legend:
 A = Non-vault XP
 B = Vault XP
 C = Vault XP percentage of total XP
 D = Non-vault monster count
 E = Vault monster count
 F = Vault count percentage of total count
                 A         B        C        D         E       F
            +---------+---------+-------+---------+---------+-------
      Total |       0 |       0 |   N/A |       0 |       0 |  -nan
            +---------+---------+-------+---------+---------+-------
            +---------+---------+-------+---------+---------+-------

Illustrated notes

Table legend: (Time is in decaauts)
 A = Elapsed time spent in this place.
 B = Non-inter-level travel time spent in this place.
 C = Inter-level travel time spent in this place.
 D = Time resting spent in this place.
 E = Time spent auto-exploring this place.
 F = Levels seen in this place.
 G = Mean time per level.
                   A        B        C        D        E       F      G
               +--------+--------+--------+--------+--------+-----+--------+
         Total |    137 |    137 |      0 |      0 |     13 |   3 |   45.7 |
         Abyss |    137 |    137 |      0 |      0 |     13 |   3 |   45.7 |
               +--------+--------+--------+--------+--------+-----+--------+

Top non-repeatable levels by time:
 Abyss:1: 77 daAuts
 Abyss:3: 32 daAuts
 Abyss:2: 27 daAuts
